 Dungeon Crawl Stone Soup version 0.22-a0-247-gbddf880757 (webtiles) character file.

6372 Peterchen the Severer (level 10, 0/88 HPs)
             Began as a Minotaur Berserker on Feb 25, 2018.
             Was a High Priest of Trog.
             Killed from afar by a wretched star (8 damage)
             ... with an orb of energy
             ... on level 1 of the Abyss.
             The game lasted 00:25:49 (7940 turns).

Peterchen the Severer (Minotaur Berserker)          Turns: 7940, Time: 00:25:49

Health: 0/88       AC: 10    Str: 30    XL:     10   Next: 65%
Magic:  5/9        EV:  8    Int: 11    God:    Trog [*****.]
Gold:   265        SH: 12    Dex:  9    Spells: 9/9 levels left

rFire    . . .     SeeInvis .   v - +7 broad axe of Analysis {protect, +Blink Int+7}
rCold    . . .     Gourm    .   l - +0 shield
rNeg     + + .     Faith    .   G - +2 scale mail {rN+}
rPois    +         Spirit   .   (helmet restricted)
rElec    .         Reflect  .   J - +0 cloak {rPois}
rCorr    .         Harm     .   H - +0 pair of gloves
MR       .....                  (no boots)
Stlth    ..........             (no amulet)
HPRegen  0.24/turn              B - ring of Free Expression {rN+ Str+4}
MPRegen  0.11/turn              (no ring)

@: no status effects
A: retaliatory headbutt, horns 2, large bone plates 1, screaming 1, wild magic
1, [subdued magic 2], [MP-powered wands]
a: Berserk, Trog's Hand, Brothers in Arms, Renounce Religion, Evoke Blink


You were on level 1 of the Abyss.
You worshipped Trog.
Trog was extremely pleased with you.
You were not hungry.

You visited 1 branch of the dungeon, and saw 9 of its levels.
You visited the Abyss 1 time.

You collected 448 gold pieces.
You spent 183 gold pieces at shops.

Inventory:

Hand Weapons
 v - the +7 broad axe of Analysis (weapon) {protect, +Blink Int+7}
   (You found it on level 9 of the Dungeon)

   It protects the one who uses it against injury (+AC on strike).
   It affects your intelligence (+7).
   It lets you blink.
Missiles
 m - 5 javelins
 r - 10 tomahawks (quivered)
Armour
 l - a +0 shield (worn)
 G - a +2 scale mail of positive energy (worn)
 H - a +0 pair of gloves (worn)
 J - a +0 cloak of poison resistance (worn)
Jewellery
 B - the ring of Free Expression (left hand) {rN+ Str+4}
   (You found it on level 5 of the Dungeon)

   [ring of positive energy]

   It affects your strength (+4).
   It protects you from negative energy.
Wands
 e - a wand of random effects (27)
 w - a wand of clouds (6)
 F - a wand of enslavement (18)
 I - a wand of flame (53)
Scrolls
 a - 3 scrolls of magic mapping
 b - 4 scrolls of amnesia
 d - 2 scrolls of fog
 h - 2 scrolls of random uselessness
 i - a scroll of enchant weapon
 j - 3 scrolls of immolation
 k - 2 scrolls of blinking
 p - 6 scrolls of remove curse
 y - a scroll of noise {unknown}
 C - a scroll of enchant armour {unknown}
Potions
 f - 4 potions of heal wounds {unknown}
 g - 3 potions of mutation
 n - a potion of resistance {unknown}
 o - 2 potions of haste {unknown}
 q - 2 potions of might {unknown}
 t - 2 potions of invisibility {unknown}
 x - 3 potions of flight {unknown}
 z - a potion of berserk rage {unknown}
 A - 2 potions of curing {unknown}
 D - a potion of degeneration {unknown}
 E - a potion of agility {unknown}
Comestibles
 c - 15 rations


   Skills:
 * Level 8.1 Fighting
 - Level 17.0 Axes
 - Level 2.4 Armour
 - Level 2.1 Dodging


You had 9 spell levels left.
You didn't know any spells.

Dungeon Overview and Level Annotations

Branches:
Dungeon (9/15)             Temple (0/1) D:7            Lair (0/6) D:8
    Orc: D:9-12

Altars:
Ashenzari
Fedhas
Hepliaklqana
Trog
Wu Jian

Shops:
D:4 *   D:8 [   D:9 *

Annotations:
D:9 Erolcha


Innate Abilities, Weirdness & Mutations

You reflexively headbutt those who attack you in melee.
You have a pair of horns on your head.
You are partially covered in large bone plates. (SH +4)
You occasionally shout uncontrollably at your foes.
Your spells are a little harder to cast, but a little more powerful.
[Your spells are easier to cast, but less powerful.]
[You expend magic power (3 MP) to strengthen your wands.]


Message History

You blink.
You feel slightly more hungry.
The wretched star pulses with an eldritch light!
Your connection to magic feels subdued.
Your connection to magic feels more subdued.
It was a potion of mutation.
You feel extremely strange. Nature stops experimenting on you.
Large bone plates grow over parts of your arms.
You feel the urge to shout.
You feel less in control of your magic.
The wretched star glows turbulently.
The orb of energy misses you.
You blink.
You feel slightly more hungry.
The wretched star pulses with an eldritch light!
You feel your magical essence link to your wands.
You fail to use your ability.
Tentacles burst from the starspawn's body! 2 starspawn tentacles come into view.
You blink.
You feel slightly more hungry.
The wretched star glows turbulently.
The orb of energy hits you!
You die...

#.. #.#.#.# #.
..#.w.#..# ## #
#..w#│.##..#.#
#..#/#.│.#.....#
..<###│###.#*###
#..─.─
.###.#§.## .#
##..#.#....#.#
##..#Xw.#...#
#.##.###w#.#@..#
# ...}#.###.#..#
#.###.###.
#.#### #. ## .##
.## . ..#. # #..
# .. . # # ...#
# #. . . ..##..
.. . #h ## .# .
...


You could see a wretched star.

Vanquished Creatures
  Pikel (D:6)
  2 smoke demons (Abyss:1)
  A hornet (D:9)
  A hippogriff (D:9)
  A wraith (D:7)
  A wyvern (D:7)
  A neqoxec (Abyss:1)
  2 water moccasins
  Duvessa (D:7)
  A hydra simulacrum (Abyss:1)
  3 ice beasts
  2 orc warriors
  4 slaves (D:6)
  4 black bears
  2 sky beasts
  3 phantoms
  4 ogres
  3 centaurs
  3 bullfrogs
  A big kobold (D:7)
  Dowan (D:7)
  An oklob sapling (D:7)
  9 wights
  4 crimson imps
  A bullfrog zombie (D:8)
  A quasit (D:8)
  3 hounds
  A centaur zombie (D:8)
  4 jellies
  A bullfrog skeleton (D:4)
  3 orc priests
  5 iguanas
  11 orc wizards
  8 worker ants
  A hound skeleton (D:4)
  A worker ant zombie (D:9)
  11 adders
  3 gnolls (D:2)
  2 shadow imps
  A white imp (Abyss:1)
  An ooze (D:3)
  2 adder skeletons
  3 worms
  4 dart slugs
  5 leopard geckos
  34 orcs
  9 giant cockroaches
  6 goblins
  10 hobgoblins
  5 jackals
  4 quokkas
  A ball python (D:1)
  12 bats
  5 frilled lizards
  15 kobolds
  A quokka skeleton (D:4)
  A quokka zombie (D:5)
  14 rats
  4 plants (D:7)
249 creatures vanquished.

Vanquished Creatures (collateral kills)
  A black bear (D:8)
  2 orc wizards (D:8)
  An orc (D:8)
4 creatures vanquished.

Vanquished Creatures (others)
  A small abomination (Abyss:1)
  6 starspawn tentacles (Abyss:1)
7 creatures vanquished.

Grand Total: 260 creatures vanquished

Notes
Turn   | Place    | Note
-------+----------+-------------------------------------------
     0 | D:1      | Peterchen the Minotaur Berserker began the quest for the Orb.
     0 | D:1      | Reached XP level 1. HP: 19/19 MP: 0/0
    33 | D:1      | Reached skill level 4 in Axes
    96 | D:1      | Reached XP level 2. HP: 26/26 MP: 1/1
   437 | D:1      | Reached skill level 5 in Axes
   638 | D:1      | Reached XP level 3. HP: 30/31 MP: 2/2
   998 | D:2      | Found an ornate altar of the Wu Jian Council.
  1030 | D:2      | Reached ** piety under Trog
  1334 | D:2      | Reached skill level 6 in Axes
  1334 | D:2      | Reached XP level 4. HP: 39/39 MP: 3/3
  1350 | D:2      | Noticed an ice beast
  1364 | D:2      | Killed an ice beast
  1364 | D:2      | Reached skill level 7 in Axes
  1364 | D:2      | Reached XP level 5. HP: 45/45 MP: 4/4
  1711 | D:3      | Found a shattered altar of Ashenzari.
  1794 | D:3      | Noticed an ice beast
  1800 | D:3      | Killed an ice beast
  1800 | D:3      | Reached skill level 8 in Axes
  1800 | D:3      | Reached XP level 6. HP: 51/51 MP: 5/5
  2000 | D:3      | Reached *** piety under Trog
  2000 | D:3      | Reached skill level 9 in Axes
  2881 | D:4      | Reached XP level 7. HP: 53/57 MP: 6/6
  2941 | D:4      | Found Vonejoil's Assorted Antiques.
  2944 | D:4      | Bought a scroll of identify for 64 gold pieces
  3139 | D:4      | Reached skill level 10 in Axes
  3582 | D:5      | Entered Level 5 of the Dungeon
  3621 | D:5      | Reached skill level 11 in Axes
  3696 | D:5      | Reached **** piety under Trog
  3759 | D:5      | Got a clouded granite ring
  3761 | D:5      | Got a transparent leather armour
  3762 | D:5      | Identified the ring of Free Expression {rN+ Str+4} (You found it on level 5 of the Dungeon)
  3773 | D:5      | Identified the +1 leather armour of Hysteria {Dex+4} (You found it on level 5 of the Dungeon)
  3859 | D:5      | Reached XP level 8. HP: 64/64 MP: 7/7
  4159 | D:6      | Reached skill level 12 in Axes
  4569 | D:6      | Reached skill level 13 in Axes
  5084 | D:6      | Noticed Pikel
  5105 | D:6      | Killed Pikel
  5105 | D:6      | Reached skill level 14 in Axes
  5105 | D:6      | Reached XP level 9. HP: 52/70 MP: 8/8
  5427 | D:7      | Found a staircase to the Ecumenical Temple.
  5700 | D:7      | Noticed Duvessa
  5705 | D:7      | Noticed Dowan
  5708 | D:7      | Killed Duvessa
  5713 | D:7      | Killed Dowan
  5723 | D:7      | Reached skill level 15 in Axes
  6055 | D:7      | Reached skill level 16 in Axes
  6060 | D:7      | Found a hazy altar of Hepliaklqana.
  6367 | D:7      | Reached ***** piety under Trog
  6407 | D:8      | Found Tixiah Zofyu's Armour Shop.
  6407 | D:8      | Found a staircase to the Lair.
  6435 | D:8      | Reached XP level 10. HP: 56/77 MP: 9/9
  6523 | D:8      | Found a bloodstained altar of Trog.
  6930 | D:8      | Reached skill level 17 in Axes
  7128 | D:9      | Got a shimmering broad axe
  7129 | D:9      | Identified the +7 broad axe of Analysis {protect, +Blink Int+7} (You found it on level 9 of the Dungeon)
  7180 | D:9      | Found Quafef's General Store.
  7188 | D:9      | Bought a +0 cloak of poison resistance for 119 gold pieces
  7264 | D:9      | Reached skill level 5 in Fighting
  7297 | D:9      | Found a blossoming altar of Fedhas.
  7400 | D:9      | Noticed Erolcha
  7529 | D:9      | Cast into level 1 of the Abyss (Erolcha)
  7558 | Abyss:1  | Noticed a worldbinder
  7570 | Abyss:1  | Found a corrupted altar of Lugonu.
  7574 | Abyss:1  | Found a corrupted altar of Lugonu.
  7654 | Abyss:1  | Gained mutation: You evolve. [a neqoxec]
  7659 | Abyss:1  | Received a gift from Trog
  7714 | Abyss:1  | Noticed a wretched star
  7772 | Abyss:1  | Noticed a smoke demon
  7781 | Abyss:1  | Noticed a smoke demon
  7792 | Abyss:1  | Killed a smoke demon
  7793 | Abyss:1  | Killed a smoke demon
  7802 | Abyss:1  | Noticed a smoke demon
  7827 | Abyss:1  | Noticed a starcursed mass
  7832 | Abyss:1  | Noticed an apocalypse crab
  7849 | Abyss:1  | Found a corrupted altar of Lugonu.
  7856 | Abyss:1  | Noticed a smoke demon
  7857 | Abyss:1  | Noticed a starcursed mass
  7927 | Abyss:1  | Noticed a tentacled starspawn
  7931 | Abyss:1  | Noticed a wretched star
  7937 | Abyss:1  | Lost mutation: You evolve. [potion of mutation]
  7937 | Abyss:1  | Gained mutation: You are partially covered in large bone plates. (SH +4) [potion of mutation]
  7937 | Abyss:1  | Gained mutation: You occasionally shout uncontrollably at your foes. [potion of mutation]
  7937 | Abyss:1  | Gained mutation: Your spells are a little harder to cast, but a little more powerful. [potion of mutation]
  7940 | Abyss:1  | Killed from afar by a wretched star

Vault maps used:
D:1:      roderic_chinese_lattice_arrival, serial_park_tiny_pond, hex_tiny,
          serial_bayou_pond_b, serial_bayou_pond_c
D:2:      nicolae_overflow_hidden_temple
D:3:      kennysheep_six_static_rooms, ashenzari_altar_1, minmay_bisected
D:4:      first_ration, serial_shops, kennysheep_mini, minmay_ruptured
D:6:      uniq_pikel
D:7:      overflow_temple_1_default, minmay_temple_entry_oklob, uniq_duvessa
D:8:      trog_ov_bears_minmay, dpeg_oklobed_lair, serial_shops, shop
D:9:      fedhas_altar_2, serial_shops, shop, grunt_livestock,
          hangedman_decor_points, uniq_erolcha
Abyss:1:  hangedman_abyss_or_decor_lesser_grid

Skill      XL: |  1  2  3  4  5  6  7  8  9 10 |
---------------+-------------------------------+-----
Axes           | 4 5 6 7 8 9 11 14 16 17 | 17.0
Fighting       | 8 |  8.1
Armour         | |  2.4
Dodging        | |  2.1

Action                   |  1- 3 |  4- 6 |  7- 9 | 10-12 || total
-------------------------+-------+-------+-------+-------++-------
Melee: Hand axe          |    85 |    69 |       |       ||   154
       Headbutt          |    13 |    12 |    58 |    19 ||   102
       War axe           |       |    55 |   297 |    55 ||   407
       Broad axe         |       |       |       |    57 ||    57
Invok: Berserk           |       |     2 |     6 |     2 ||    10
       Brothers in Arms  |       |       |       |     1 ||     1
 Abil: Evoke Blink       |       |       |       |    12 ||    12
Evoke: Wand              |       |       |       |     3 ||     3
  Use: Scroll            |     2 |       |     7 |     6 ||    15
       Potion            |       |       |       |     1 ||     1
  Eat: Chunk             |     1 |     7 |    17 |     5 ||    30
       Ration            |       |       |       |     1 ||     1
Armor: Animal skin       |     4 |       |       |       ||     4
       Chain mail        |    55 |    54 |    65 |       ||   174
       Scale mail        |       |       |    12 |    68 ||    80
Dodge: Dodged            |    33 |    42 |    44 |    22 ||   141
Block: Shield            |       |       |    79 |    35 ||   114

Table legend:
 A = Spawn XP
 B = Non-spawn XP
 C = Spawn XP percentage of total XP
 D = Spawn monster count
 E = Non-spawn monster count
 F = Spawn count percentage of total count
 G = Total turns spent on level
                    A         B        C        D         E        F      G
               +---------+---------+-------+---------+---------+-------+---------
         Total |     390 |    8714 |   4.3 |       4 |     241 |   1.6 |  7940
               +---------+---------+-------+---------+---------+-------+---------
           D:1 |       0 |      44 |   0.0 |       0 |      26 |   0.0 |   848
           D:2 |       0 |     248 |   0.0 |       0 |      22 |   0.0 |   854
           D:3 |       0 |     330 |   0.0 |       0 |      42 |   0.0 |   950
           D:4 |       0 |     514 |   0.0 |       0 |      26 |   0.0 |   930
           D:5 |       0 |     346 |   0.0 |       0 |      18 |   0.0 |   430
           D:6 |       0 |    1852 |   0.0 |       0 |      27 |   0.0 |  1354
           D:7 |       0 |    1999 |   0.0 |       0 |      36 |   0.0 |  1041
           D:8 |       0 |    1535 |   0.0 |       0 |      28 |   0.0 |   670
           D:9 |       0 |    1018 |   0.0 |       0 |      14 |   0.0 |   452
       Abyss:1 |     390 |     828 |  32.0 |       4 |       2 |  66.7 |   411
               +---------+---------+-------+---------+---------+-------+---------
